Map: Rorschach LE

Players

liquidclem (Clem) - Winner!

  • Race: Terran Terran
  • League: Grandmaster
  • Spawn Location: 5:00

ShoWTimE

  • Race: Protoss Protoss
  • Spawn Location: 7:00

Event: HomeStory Cup XXIX

VOD

Have the link to the VOD?

Description

Time

  • Played on: July 3, 2026, 2:47 p.m.
  • Length: 23:05

All games in this series

Show
View Real Time Build Order
Export as new Build Order

liquidclem Terran - Winner!

Build Orders: Reaper Expand 

Get SALT Encoding   

  8  0:00  SCV  
  9  0:12  SCV  
  10  0:25  SCV  
  11  0:28  Supply Depot  
  11  0:37  SCV  
  12  0:49  SCV  
  13  0:53  Barracks  
  13  1:02  SCV  
  14  1:07  Refinery  
  14  1:14  SCV  
  15  1:26  SCV  
  15  1:30  Engineering Bay  
  16  1:42  Orbital Command  
  16  1:50  Reaper  
  17  2:08  SCV  
  18  2:18  Command Center  
  18  2:21  SCV  
  19  2:25  Barracks Reactor  
  19  2:32  Supply Depot  
  19  2:35  SCV  
  20  2:44  Factory  
  20  2:48  SCV  
  21  2:54  Refinery  
  21  3:00  SCV  
  21  3:02  Marine x2  
  24  3:12  SCV  
  25  3:21  Marine x2  
  25  3:25  SCV  
  28  3:30  Starport  
  28  3:33  Orbital Command  
  28  3:37  SCV  
  28  3:40  Widow Mine  
  31  3:44  Marine x2  
  33  3:49  SCV  
  34  3:59  SCV  
  34  4:02  Widow Mine, SCV  
  38  4:06  Medivac  
  38  4:09  Marine x2  
  42  4:13  Supply Depot  
  42  4:18  SCV x2  
  44  4:25  Barracks  
  44  4:27  Factory Tech Lab  
  44  4:28  Marine x2  
  44  4:30  SCV  
  48  4:31  SCV  
  48  4:37  Starport Tech Lab  
  48  4:42  SCV  
  48  4:43  SCV  
  50  4:47  Siege Tank  
  53  4:54  Marine, SCV  
  53  4:55  SCV  
  58  5:00  Raven  
  58  5:01  Supply Depot  
  58  5:04  Marine  
  58  5:06  SCV  
  58  5:13  Barracks  
  58  5:17  Refinery  
  58  5:23  Marine, SCV x2  
  58  5:25  Supply Depot, Siege Tank  
  63  5:34  Supply Depot  
  63  5:35  SCV x2  
  64  5:36  Engineering Bay  
  64  5:39  Marine  
  64  5:42  Stimpack  
  65  5:43  Starport Reactor  
  65  5:47  Marauder, SCV, Marine  
  65  5:49  SCV  
  70  5:54  Refinery  
  70  5:57  Supply Depot  
  70  5:58  Marine  
  70  5:59  SCV  
  72  6:05  Factory Reactor, Marine, SCV  
  72  6:06  Supply Depot  
  72  6:09  Terran Infantry Weapons Level 1  
  74  6:11  SCV  
  74  6:14  Marauder  
  74  6:16  Marauder  
  74  6:18  SCV, Marine  
  79  6:23  Medivac  
  79  6:24  SCV, Marine  
  84  6:30  SCV  
  84  6:36  Medivac, Marauder  
  84  6:38  Marine  
  84  6:39  Supply Depot, Marauder  
  92  6:44  Widow Mine  
  92  6:45  Widow Mine, Marine  
  96  6:54  Command Center  
  96  6:56  Medivac  
  96  7:00  Marine  
  96  7:01  Supply Depot  
  99  7:02  Combat Shield  
  99  7:07  Marauder  
  101  7:09  Marauder  
  101  7:12  Widow Mine  
  101  7:15  Marine  
  106  7:20  Supply Depot  
  106  7:22  Marine, SCV x2  
  111  7:23  Widow Mine  
  111  7:28  Marauder  
  110  7:32  Marauder  
  110  7:34  SCV x2  
  110  7:35  Medivac x2  
  113  7:40  Supply Depot  
  113  7:43  Marine x2  
  115  7:44  Concussive Shells  
  115  7:47  SCV, Widow Mine  
  115  7:48  Widow Mine  
  115  7:50  SCV  
  121  8:01  Marine x2, SCV, Marauder x2  
  128  8:10  Viking  
  128  8:11  Widow Mine  
  132  8:15  Widow Mine  
  132  8:19  Marine x2  
  134  8:20  SCV x2  
  134  8:23  Marauder x2  
  138  8:30  Barracks x2  
  138  8:32  Supply Depot  
  138  8:33  Terran Infantry Armor Level 1  
  138  8:38  Orbital Command  
  138  8:39  Marine x2  
  140  8:42  SCV  
  140  8:47  Viking, Supply Depot  
  143  8:53  Viking, SCV  
  143  8:54  SCV  
  147  8:57  Starport  
  147  8:59  Marauder  
  149  9:03  Supply Depot  
  149  9:05  SCV x2  
  149  9:07  Supply Depot  
  149  9:09  SCV  
  152  9:14  Supply Depot  
  152  9:16  Marine x2, Viking  
  156  9:17  SCV  
  156  9:18  SCV  
  156  9:21  SCV  
  156  9:22  Supply Depot  
  158  9:24  Viking, Refinery  
  158  9:25  Marauder, Barracks Tech Lab, Barracks Reactor  
  158  9:28  Marauder  
  158  9:29  Missile Turret  
  162  9:35  Viking  
  162  9:36  Viking  
  166  9:38  Marine  
  166  9:40  Marine  
  166  9:44  Marauder  
  169  9:46  Marauder  
  169  9:49  Armory, Engineering Bay  
  169  9:50  Marauder  
  169  9:51  Supply Depot  
  171  9:52  Refinery  
  171  9:58  Viking x2  
  177  10:03  Command Center  
  177  10:06  Marauder  
  177  10:08  Bunker  
  177  10:09  Marine  
  177  10:10  Sensor Tower  
  177  10:12  Viking x2  
  182  10:17  Marine x2  
  182  10:19  Marauder  
  182  10:20  Supply Depot  
  182  10:21  Marauder  
  176  10:27  Marauder  
  154  10:32  Marine  
  144  10:41  Marauder  
  144  10:42  Marauder  
  134  10:43  Marine  
  134  10:46  Viking  
  134  10:48  Marine  
  134  10:49  Marauder  
  127  10:52  Medivac, Marine  
  123  10:57  Viking  
  123  10:59  SCV, Orbital Command  
  123  11:02  Marauder  
  123  11:03  Marauder  
  120  11:05  Viking  
  120  11:07  Marine  
  120  11:10  Marauder, Marine  
  120  11:12  SCV  
  120  11:13  SCV  
  120  11:16  Viking  
  122  11:23  Marauder  
  122  11:24  Barracks, SCV  
  122  11:25  Marauder, Viking  
  127  11:28  SCV  
  127  11:30  SCV  
  127  11:31  Marauder  
  133  11:36  SCV  
  133  11:39  Liberator  
  137  11:40  SCV  
  137  11:42  Marine x2  
  137  11:43  SCV  
  137  11:45  Marauder  
  143  11:48  SCV  
  143  11:50  Terran Infantry Weapons Level 2  
  143  11:51  Marine  
  143  11:52  Marine, SCV  
  147  11:56  SCV  
  147  12:00  Marine x2  
  147  12:01  SCV  
  151  12:04  SCV  
  151  12:06  Marine  
  151  12:08  SCV  
  154  12:09  Marine  
  154  12:10  Marine  
  154  12:11  Terran Infantry Armor Level 2  
  154  12:12  Marine  
  154  12:13  SCV  
  156  12:19  Marine  
  152  12:23  Marine  
  152  12:30  Ghost Academy  
  152  12:31  Marauder x3, Command Center  
  152  12:32  Marine x2  
  159  12:38  Medivac x2  
  159  12:41  Medivac  
  159  12:42  Marine x2  
  167  12:51  Marine x2, Sensor Tower  
  167  12:52  Marauder  
  171  13:05  Marine, Ghost x2  
  169  13:07  Viking  
  169  13:12  Viking  
  174  13:13  Ghost, Marine x2  
  174  13:17  Marine  
  174  13:19  Orbital Command  
  172  13:27  SCV  
  172  13:30  Marine  
  172  13:31  SCV  
  150  13:34  Ghost  
  150  13:35  Marauder  
  150  13:36  Marine  
  150  13:39  SCV  
  125  13:42  Marauder  
  125  13:43  SCV  
  125  13:44  SCV  
  125  13:46  Medivac, SCV  
  109  13:51  Orbital Command, SCV  
  109  13:53  Marine  
  109  13:54  Marine  
  103  13:55  SCV  
  103  13:58  SCV  
  103  14:01  Marine  
  106  14:03  SCV  
  106  14:05  Orbital Command, Marine  
  106  14:08  SCV  
  108  14:14  Marine x2  
  108  14:16  SCV  
  108  14:17  SCV  
  112  14:20  SCV  
  112  14:21  Marine  
  112  14:23  Marauder  
  116  14:29  SCV  
  116  14:30  SCV  
  116  14:31  Marine  
  116  14:33  Marauder, SCV  
  116  14:34  SCV  
  116  14:36  Marauder, Orbital Command  
  123  14:41  SCV  
  123  14:42  Refinery  
  123  14:43  Terran Infantry Weapons Level 3  
  124  14:46  SCV  
  124  14:50  Terran Infantry Armor Level 3  
  124  14:51  SCV  
  125  14:53  SCV  
  125  14:55  Marauder  
  125  14:56  Marauder  
  125  14:58  Marauder  
  132  15:01  SCV x2  
  132  15:03  Marine x2, SCV  
  132  15:04  Marine  
  137  15:08  Marine  
  138  15:15  SCV, Ghost  
  138  15:16  SCV  
  138  15:17  Ghost  
  138  15:18  SCV  
  138  15:20  SCV  
  148  15:23  Marine x2  
  148  15:24  Marine  
  148  15:25  Ghost  
  148  15:27  SCV  
  148  15:28  SCV  
  156  15:31  Viking  
  156  15:32  Orbital Command  
  156  15:33  Viking  
  160  15:38  Refinery  
  160  15:39  Refinery  
  160  15:40  Viking  
  162  15:43  Liberator  
  162  15:44  Marine  
  162  15:47  Marauder  
  164  15:50  Marauder  
  164  15:53  SCV  
  164  15:56  SCV  
  158  15:57  SCV  
  158  16:04  Marauder  
  162  16:07  Marine x2  
  162  16:08  Marauder  
  167  16:11  Marauder  
  167  16:12  Viking  
  167  16:14  Marine  
  167  16:15  Marine  
  171  16:19  Medivac  
  171  16:25  Marine, Marauder  
  171  16:27  Viking  
  171  16:29  Marauder  
  171  16:31  Viking  
  173  16:36  SCV  
  173  16:38  Marine  
  173  16:49  Marine  
  173  16:50  Marine x2  
  173  16:51  Marauder  
  176  16:55  Viking  
  176  16:59  Marauder  
  176  17:00  Marauder  
  158  17:02  Viking  
  158  17:05  Viking  
  158  17:06  Marine  
  158  17:07  Marine x2  
  151  17:10  Marine  
  151  17:13  Viking  
  143  17:20  Marauder  
  143  17:22  Marauder  
  147  17:25  Viking, Ghost  
  152  17:32  Marine x3  
  152  17:35  Marine  
  156  17:40  Ghost  
  156  17:43  Marauder  
  161  17:50  Marine x2  
  158  17:51  Marine  
  158  17:53  Marine  
  158  17:55  Marauder  
  158  17:58  SCV  
  148  18:00  SCV  
  148  18:03  Orbital Command  
  148  18:05  Marauder  
  135  18:08  Marine x2  
  135  18:09  Marauder  
  135  18:11  SCV  
  135  18:12  SCV  
  120  18:17  Marine  
  120  18:18  SCV  
  114  18:23  SCV  
  114  18:24  Marine  
  116  18:28  SCV  
  113  18:35  SCV  
  113  18:43  Viking  
  113  18:45  Viking  
  115  18:52  Viking  
  115  18:53  Viking  
  116  18:57  Marine  
  116  18:58  Marine x2  
  119  19:03  Marauder x2  
  119  19:05  Marine  
  119  19:07  Marauder  
  126  19:15  Marine  
  126  19:17  Medivac  
  119  19:18  Marine, Orbital Command  
  119  19:23  Medivac  
  119  19:24  Ghost, Marine  
  122  19:25  Marauder  
  128  19:31  Marine x2  
  128  19:32  SCV  
  128  19:36  Marine  
  132  19:41  Viking  
  132  19:42  Medivac  
  132  19:45  Marine  
  137  19:46  SCV, Marauder, Marine  
  137  19:51  SCV x3  
  144  19:56  Liberator  
  144  19:59  Marine  
  148  20:00  SCV  
  148  20:04  Marauder  
  148  20:06  Viking  
  151  20:10  Ghost  
  151  20:13  Viking  
  150  20:16  Viking  
  150  20:21  Marine  
  151  20:22  Marauder  
  151  20:24  SCV x2  
  151  20:26  Marauder  
  151  20:27  SCV  
  156  20:36  Viking  
  156  20:39  Marauder  
  156  20:41  Marine  
  156  20:42  Marine x2  
  163  20:43  Marauder  
  163  20:47  Marauder  
  166  20:55  SCV x3, Missile Turret  
  166  20:56  Sensor Tower, SCV  
  165  20:57  Refinery x2  
  165  21:00  Marine, Marauder  
  167  21:04  Marauder  
  167  21:10  Viking  
  161  21:11  Marine x2  
  161  21:12  Marine x2  
  165  21:21  Marine  
  165  21:22  Marauder  
  168  21:26  Marauder  
  168  21:29  Marine, SCV  
  168  21:30  SCV, Marauder  
  174  21:36  Viking  
  174  21:37  Marine  
  174  21:39  SCV x2  
  178  21:42  Marine  
  178  21:43  Marine, Marauder  
  182  21:48  Viking, SCV  
  182  21:49  Marauder  
  182  21:51  Ghost, SCV  
  188  21:58  SCV, Marine  
  189  22:15  Medivac  
  187  22:16  Marauder, Marine  
  187  22:18  Marine x2  
  187  22:22  Refinery  
  190  22:25  SCV x3  
  188  22:32  Marine  
  188  22:33  Orbital Command, Marauder  
  191  22:37  SCV x2  
  191  22:42  Marauder  
  198  22:44  Marine  
  198  22:45  Refinery  
Show
View Real Time Build Order
Export as new Build Order

ShoWTimE Protoss 

Build Orders: Phoenix Opening, Blink Stalkers 

Get SALT Encoding   

  8  0:00  Probe (Chrono Boost)  
  9  0:12  Probe (Chrono Boost)  
  10  0:17  Probe (Chrono Boost)  
  11  0:26  Probe  
  12  0:31  Pylon  
  12  0:38  Probe  
  13  0:50  Probe  
  13  0:53  Gateway  
  14  1:03  Probe (Chrono Boost)  
  14  1:04  Assimilator  
  15  1:13  Probe (Chrono Boost)  
  15  1:18  Probe (Chrono Boost)  
  17  1:29  Probe  
  18  1:42  Probe  
  19  1:47  Cybernetics Core  
  20  1:54  Probe  
  20  2:01  Pylon  
  20  2:07  Probe  
  21  2:15  Nexus  
  21  2:23  Stalker (Chrono Boost)  
  23  2:30  Assimilator  
  23  2:34  Probe  
  24  2:37  Warp Gate  
  24  2:46  Probe  
  25  2:59  Probe  
  25  3:04  Pylon, Phoenix, Sentry  
  28  3:11  Probe  
  29  3:24  Twilight Council  
  29  3:27  Probe x2 (Chrono Boost)  
  31  3:32  Stalker  
  33  3:36  Probe (Chrono Boost)  
  33  3:38  Probe (Chrono Boost)  
  35  3:41  Probe (Chrono Boost)  
  35  3:44  Gateway  
  35  3:47  Probe  
  37  3:53  Probe  
  37  3:54  Blink (Chrono Boost)  
  38  3:59  Probe  
  39  4:05  Probe  
  40  4:11  Probe  
  41  4:17  Probe  
  41  4:19  Stalker  
  41  4:23  Probe  
  45  4:27  Pylon  
  45  4:29  Probe  
  46  4:31  Stalker  
  46  4:36  Nexus  
  48  4:39  Probe  
  48  4:41  Pylon  
  48  4:44  Probe  
  50  4:51  Probe  
  51  4:55  Stalker x2  
  51  4:56  Probe  
  56  5:03  Probe  
  56  5:05  Assimilator  
  57  5:09  Gateway  
  57  5:13  Probe  
  58  5:14  Robotics Facility  
  58  5:15  Probe  
  58  5:16  Assimilator  
  59  5:22  Pylon  
  59  5:24  Stalker  
  59  5:25  Probe  
  59  5:28  Probe  
  61  5:30  Stalker  
  63  5:36  Shield Battery  
  63  5:37  Probe  
  63  5:40  Probe  
  65  5:42  Stalker  
  65  5:49  Probe  
  68  5:50  Stalker  
  68  5:51  Probe  
  68  5:52  Probe  
  68  5:53  Gateway  
  72  6:01  Probe (Chrono Boost)  
  72  6:03  Observer, Robotics Bay, Probe (Chrono Boost)  
  75  6:10  Probe (Chrono Boost)  
  75  6:12  Zealot, Probe (Chrono Boost)  
  75  6:13  Probe (Chrono Boost)  
  75  6:17  Probe x2 (Chrono Boost)  
  75  6:18  Probe (Chrono Boost)  
  79  6:22  Shield Battery  
  81  6:27  Stalker x2  
  81  6:28  Probe  
  86  6:33  Probe  
  86  6:36  Pylon x2  
  86  6:38  Pylon  
  87  6:40  Charge (Chrono Boost)  
  87  6:43  Pylon  
  87  6:50  Colossus (Chrono Boost)  
  87  6:54  Zealot x2  
  97  6:55  Extended Thermal Lance  
  97  6:58  Zealot x2  
  101  7:06  Pylon  
  101  7:12  Zealot x2  
  104  7:16  Zealot  
  104  7:18  Forge  
  104  7:19  Sentry, Pylon  
  104  7:20  Forge  
  108  7:29  Sentry  
  110  7:34  Colossus (Chrono Boost)  
  104  7:38  Probe  
  104  7:40  Pylon, Zealot  
  104  7:41  Zealot  
  104  7:42  Zealot  
  117  7:50  Zealot  
  119  8:01  Zealot  
  120  8:06  Nexus  
  120  8:09  Zealot  
  120  8:10  Pylon  
  119  8:14  Pylon  
  119  8:15  Protoss Ground Armor Level 1 (Chrono Boost)  
  119  8:17  Colossus (Chrono Boost), Pylon  
  117  8:22  Zealot  
  117  8:23  Protoss Ground Weapons Level 1 (Chrono Boost)  
  117  8:26  Zealot  
  127  8:29  Sentry  
  127  8:31  Probe  
  130  8:36  Sentry  
  130  8:38  Gateway, Zealot  
  130  8:39  Gateway  
  134  8:43  Probe  
  136  8:48  Zealot x2  
  138  8:56  Pylon, Warp Prism (Chrono Boost)  
  138  8:58  Stalker  
  138  9:02  Nexus  
  142  9:03  Pylon  
  142  9:06  Zealot x3, Pylon  
  148  9:11  Pylon  
  148  9:15  Zealot  
  150  9:22  Zealot x2  
  150  9:23  Pylon  
  154  9:27  Colossus (Chrono Boost)  
  160  9:32  Probe x2  
  160  9:33  Probe  
  160  9:35  Pylon  
  160  9:38  Gateway  
  163  9:40  Gateway  
  160  9:59  Zealot x6  
  172  10:00  Probe  
  172  10:01  Probe  
  174  10:07  Probe  
  174  10:09  Pylon  
  174  10:11  Colossus (Chrono Boost)  
  165  10:25  Zealot x4  
  165  10:26  Zealot x2  
  133  10:49  Zealot x6  
  137  10:54  Colossus (Chrono Boost)  
  115  11:12  Nexus  
  109  11:18  Zealot x6  
  109  11:22  Pylon  
  121  11:31  Colossus (Chrono Boost)  
  121  11:35  Stalker x2  
  131  11:40  Pylon  
  131  11:41  Stalker x2  
  131  11:43  Zealot x3  
  131  11:44  Zealot  
  143  11:51  Probe x3  
  146  12:00  Sentry, Zealot  
  150  12:02  Pylon  
  150  12:04  Pylon  
  150  12:06  Zealot x3  
  156  12:10  Pylon  
  156  12:15  Zealot x3  
  160  12:17  Probe  
  160  12:19  Forge  
  160  12:21  Forge  
  154  12:24  Warp Prism (Chrono Boost)  
  156  12:30  Stalker x4  
  156  12:37  Stalker x2  
  166  12:41  Pylon  
  166  12:43  Stalker  
  170  12:49  Zealot  
  172  12:54  Probe, Protoss Ground Weapons Level 2 (Chrono Boost)  
  172  12:55  Protoss Ground Armor Level 2 (Chrono Boost)  
  172  12:57  Zealot x3  
  161  13:12  Stalker x4  
  161  13:13  Stalker  
  165  13:26  Colossus (Chrono Boost)  
  159  13:28  Zealot x3  
  153  13:38  Zealot x4  
  153  13:39  Zealot  
  101  13:58  Stalker x3  
  103  14:03  Sentry, Zealot  
  103  14:04  Zealot x3  
  103  14:07  Colossus (Chrono Boost)  
  115  14:13  Assimilator  
  115  14:16  Nexus  
  115  14:18  Pylon  
  115  14:20  Stalker x3  
  117  14:33  Zealot x5  
  117  14:37  Assimilator  
  127  14:44  Zealot x3  
  133  14:48  Disruptor (Chrono Boost)  
  133  14:49  Protoss Ground Armor Level 3 (Chrono Boost), Protoss Ground Weapons Level 3 (Chrono Boost)  
  133  14:51  Probe x3  
  133  14:52  Probe  
  141  15:05  Zealot x4  
  147  15:19  Zealot x3, Disruptor (Chrono Boost)  
  157  15:25  Stalker  
  157  15:26  Pylon  
  159  15:28  Zealot x2  
  159  15:29  Zealot  
  165  15:35  Zealot  
  165  15:42  Zealot  
  168  15:45  Disruptor (Chrono Boost)  
  170  15:55  Stalker x6  
  170  16:12  Zealot x2  
  170  16:13  Disruptor (Chrono Boost)  
  170  16:15  Nexus  
  170  16:17  Zealot x3  
  182  16:31  Zealot  
  182  16:32  Zealot x2  
  182  16:40  Probe  
  182  16:41  Probe  
  182  16:44  Zealot x4  
  186  16:47  Pylon  
  184  16:57  Pylon  
  184  16:58  Colossus (Chrono Boost)  
  160  17:04  Zealot x4  
  136  17:17  Stalker x4  
  136  17:20  Probe x2  
  145  17:26  Gateway  
  145  17:27  Gateway  
  145  17:28  Probe  
  145  17:29  Probe x2  
  148  17:30  Sentry, Zealot x3  
  156  17:43  Stalker x4  
  164  17:46  Colossus (Chrono Boost)  
  168  17:54  Zealot  
  168  17:55  Zealot  
  151  18:05  Zealot x2  
  123  18:25  Gateway  
  123  18:26  Colossus (Chrono Boost), Gateway  
  117  18:28  Gateway, Zealot  
  117  18:31  Gateway  
  109  18:52  Stalker  
  97  19:00  Nexus  
  97  19:02  Gateway  
  97  19:09  Colossus (Chrono Boost)  
  103  19:21  Zealot  
  101  19:25  Zealot x3, Pylon  
  104  19:32  Nexus  
  102  19:39  Probe  
  102  19:43  Colossus (Chrono Boost)  
  102  19:44  Sentry, Zealot  
  113  19:47  Zealot x3  
  113  19:50  Nexus  
  113  19:51  Probe  
  120  19:54  Pylon  
  120  20:06  Zealot x2  
  124  20:10  Pylon  
  118  20:17  Colossus (Chrono Boost)  
  118  20:25  Zealot x3  
  124  20:33  Zealot  
  124  20:34  Zealot  
  105  20:53  Zealot x3  
  105  20:56  Colossus (Chrono Boost)  
  116  20:59  Zealot  
  114  21:08  Zealot  
  116  21:16  Zealot x2  
  103  21:22  Stalker  
  98  22:02  Stalker, Zealot x3  
  93  22:19  Zealot  
  93  22:26  Zealot x3  
  99  22:34  Probe  
  99  22:35  Assimilator  
  100  22:41  Zealot  
  100  22:42  Zealot  
Tags
 
Add a new tag
Caveats
  • Supply blocks, unpowered buildings, or Contaminate may cause inaccurate times.
  • Supply counts are checked every 10 seconds.